 Dungeon Crawl Stone Soup version 0.29.0-4-gdea44cf6ec (webtiles) character file.

Game seed: 11594556225780367083

235 qw the Chopper (level 6, -3/35 HPs)
             Began as a Tengu Warper on Aug 28, 2022.
             Slain by an orc
             ... wielding a +0 trident
              (4 damage)
             ... on level 4 of the Dungeon.
             The game lasted 00:00:20 (3702 turns).

qw the Chopper (Tengu Warper)                       Turns: 3702, Time: 00:00:21

Health: -3/35      AC:  9    Str: 13    XL:     6   Next: 6%
Magic:  10/10      EV:  7    Int: 14    God:
Gold:   28         SH:  0    Dex: 13    Spells: 9/9 levels left

rFire   + . .      SeeInvis +   Y - +1 hand axe
rCold   . . .      Faith    .   (no shield)
rNeg    . . .      Spirit   .   i - +0 chain mail
rPois   .          Reflect  .   (helmet restricted)
rElec   .          Harm     .   (no cloak)
rCorr   .          Rampage  .   h - +0 pair of gloves
Will    .....                   (boots unavailable)
Stlth   ..........              (no amulet)
HPRegen 0.11/turn               b - ring of protection from fire
MPRegen 0.12/turn               d - ring of see invisible

@: flying quickly and evasively, quick
A: beak, talons 3, nimble flight
a: no special abilities


You were on level 4 of the Dungeon.
You visited 1 branch of the dungeon, and saw 4 of its levels.

You collected 193 gold pieces.
You spent 165 gold pieces at shops.


Innate Abilities, Weirdness & Mutations

You have a beak for a mouth.
You have claws for feet.
Your magical nature lets you fly swiftly and evasively.


   Skills:
 - Level 2.0 Fighting
 + Level 6.3 Axes
 - Level 1.0 Throwing
 - Level 2.3 Armour
 - Level 2.1 Dodging
 - Level 2.0 Spellcasting
 - Level 2.4 Translocations


You had 9 spell levels left.
You didn't know any spells.
Your spell library contained the following spells:

 Spells                   Type           Power      Damage    Failure   Level
 Blink                    Tloc           16%        N/A       99%         2
 Gell's Gravitas          Tloc           8%         N/A       100%        3
 Lesser Beckoning         Tloc           8%         N/A       100%        3
 Teleport Other           Tloc           8%         N/A       100%        3
 Manifold Assault         Tloc           8%         N/A       100%        5

Inventory:

Hand Weapons
 c - a +0 mace
 Y - a +1 hand axe (weapon)
Missiles
 m - 10 boomerangs (quivered)
Armour
 h - a +0 pair of gloves (worn)
 i - a +0 chain mail (worn)
Jewellery
 b - a ring of protection from fire (left hand)
 d - a ring of see invisible (right hand)
Potions
 a - a potion of curing
 f - a potion of invisibility {unknown}
 g - a potion of magic {unknown}
 j - a potion of haste {unknown}
 k - a potion of degeneration {unknown}

Dungeon Overview and Level Annotations

Branches:
Dungeon (4/15)
 Temple: D:4-7

Altars:
Gozag
Trog

Shops:
D:4 =


Message History

The orc wizard is lightly wounded.
The orc hits you but does no damage.
The orc wizard hits you but does no damage.
You hit the orc wizard. Your kick misses the orc wizard.
The orc wizard is moderately wounded.
The orc hits you but does no damage.
You hit the orc wizard.
You claw the orc wizard, but do no damage.
The orc wizard is heavily wounded.
The orc closely misses you.
The orc wizard hits you but does no damage.
You barely miss the orc wizard. You claw the orc wizard.
The orc wizard is severely wounded.
The orc barely misses you.
The orc wizard gestures wildly while chanting.
The orc wizard flickers and vanishes for a moment.
You barely miss the orc wizard. You claw the orc wizard.
The orc wizard is almost dead.
The orc hits you from afar with a +0 trident.
The orc wizard hits you with a +0 dagger.
You barely miss the orc wizard.
The orc wizard is almost dead.
The orc hits you but does no damage.
The orc wizard points at you and mumbles some strange words.
The magic dart hits you.
You hit the orc wizard but do no damage.
You claw the orc wizard.
The orc wizard is almost dead.
The orc completely misses you. The orc wizard barely misses you.
You closely miss the orc wizard.
The orc wizard is almost dead.
The orc hits you but does no damage.
The orc wizard points at you and mumbles some strange words.
The magic dart hits you.
You hit the orc wizard.
You kill the orc wizard!
The orc barely misses you.
You have reached level 6!
The orc hits you with a +0 trident.
You die...

#.#.^..._...#.........
#)#.#.......#...#..##.
##...#.......#...#..###
#####....#(......#.......##
##......#.####.####.........
#.....#.....................
#..............#..##.....##.
#...........o.......<....##.
#..[.....)@......#.....##..
#.......)###....##...[....
####.....#####..###.......
#......................
####........#...####..#.
###......>.........##..##.
##........................#
##...........#......##....##
##..#..#.:#...#......##......


You could see an orc.

Vanquished Creatures
  A phantom (D:4)
  An orc wizard (D:4)
  Terence (D:3)
  2 gnolls
  2 adders (D:3)
  3 worms (D:2)
  2 dart slugs
  2 orcs (D:4)
  6 ball pythons
  8 bats
  4 endoplasms
  2 giant cockroaches
  2 hobgoblins (D:3)
  3 jackals (D:1)
  2 quokkas (D:4)
  5 frilled lizards
  8 goblins
  6 kobolds
  7 rats
67 creatures vanquished.

Notes
Turn   | Place    | Note
-------+----------+-------------------------------------------
     0 | D:1      | qw the Tengu Warper began the quest for the Orb.
     0 | D:1      | Reached XP level 1. HP: 12/12 MP: 4/4
     0 | D:1      | 0 ||| qw: Version: 0.1-a-89-g26bdef1
     0 | D:1      | 0 ||| qw: Game counter: 2441
     0 | D:1      | 0 ||| qw: Always use a shield: true
     0 | D:1      | 0 ||| qw: God list: Okawaru
     0 | D:1      | 0 ||| qw: Allow faded altars: false
     0 | D:1      | 0 ||| qw: Do Orc after D:15 true
     0 | D:1      | 0 ||| qw: Do second Lair branch before Depths: true
     0 | D:1      | 0 ||| qw: Lair rune preference: random
     0 | D:1      | 0 ||| qw: Plans: Normal
     0 | D:1      | 0 ||| PLANNING D:1-11
     8 | D:1      | 8 ||| Stepping ~*~*~tactically~*~*~ (stealth).
    10 | D:1      | 10 ||| Stepping ~*~*~tactically~*~*~ (stealth).
    60 | D:1      | Found a faded altar of an unknown god.
    64 | D:1      | 64 ||| Stepping ~*~*~tactically~*~*~ (stealth).
   130 | D:1      | 130 ||| Stepping ~*~*~tactically~*~*~ (stealth).
   135 | D:1      | Reached XP level 2. HP: 17/17 MP: 6/6
   159 | D:1      | Reached skill level 3 in Axes
   191 | D:1      | 191 ||| Stepping ~*~*~tactically~*~*~ (stealth).
   192 | D:1      | 192 ||| Stepping ~*~*~tactically~*~*~ (stealth).
   195 | D:1      | 195 ||| Stepping ~*~*~tactically~*~*~ (stealth).
   199 | D:1      | 199 ||| Stepping ~*~*~tactically~*~*~ (stealth).
   204 | D:1      | 204 ||| Stepping ~*~*~tactically~*~*~ (stealth).
   570 | D:1      | Reached XP level 3. HP: 21/21 MP: 7/7
   782 | D:1      | Reached skill level 4 in Axes
   843 | D:1      | 843 ||| UPGRADING to +0 scale mail.
   853 | D:1      | 853 ||| DROPPING +0 leather armour.
   854 | D:1      | 854 ||| UPGRADING to +0 pair of gloves.
   859 | D:1      | 859 ||| UPGRADING to +0 chain mail.
   869 | D:1      | 869 ||| DROPPING +0 scale mail.
   870 | D:1      | 870 ||| READING scroll labelled ETOUXI CYEF.
   873 | D:1      | 873 ||| READING scroll labelled DUOR XYTSU.
   874 | D:1      | 874 ||| READING 2 scrolls labelled DOUPPA RIROSM.
   875 | D:1      | 875 ||| READING scroll labelled TIN PIGAHAPP.
   876 | D:1      | 876 ||| DROPPING scroll of blinking.
   877 | D:1      | 877 ||| DROPPING scroll of magic mapping.
   878 | D:1      | 878 ||| Stepping randomly (stuck).
   879 | D:1      | 879 ||| Stepping ~*~*~tactically~*~*~ (cloud).
  1411 | D:2      | 1411 ||| DROPPING +0 club.
  1534 | D:2      | Identified the +1 leather armour "Qidauc" {Fly}
  1647 | D:2      | 1647 ||| Stepping ~*~*~tactically~*~*~ (stealth).
  1655 | D:2      | Reached XP level 4. HP: 26/26 MP: 8/8
  1939 | D:2      | 1939 ||| READING scroll labelled BET YBRABIRY.
  1940 | D:2      | 1940 ||| READING scroll labelled HELETT RAVIROU.
  1941 | D:2      | 1941 ||| READING scroll labelled YDOEN JADOGEOX.
  1942 | D:2      | 1942 ||| DRINKING 2 silvery potions.
  2072 | D:3      | 2072 ||| Stepping ~*~*~tactically~*~*~ (stealth).
  2094 | D:3      | 2094 ||| FLEEEEING.
  2308 | D:3      | Reached skill level 5 in Axes
  2727 | D:3      | Noticed Terence
  2735 | D:3      | Killed Terence
  2824 | D:3      | 2824 ||| UPGRADING to ring of protection from fire.
  2825 | D:3      | 2825 ||| READING scroll labelled WAMABU ICSEWK.
  2826 | D:3      | 2826 ||| DRINKING 2 metallic sapphire potions.
  2861 | D:3      | 2861 ||| DROPPING potion of lignification.
  2873 | D:4      | Found Fenaal's Jewellery Boutique.
  2876 | D:4      | 2876 ||| SHOPLISTING +6 ring of strength (396 gold, have
                  | 165).
  2876 | D:4      | 2876 ||| SHOPLISTING amulet of guardian spirit (330 gold,
                  | have 165).
  2876 | D:4      | 2876 ||| SHOPLISTING ring of Yrch {rPois rF+ Str+2 Stlth+}
                  | (475 gold, have 165).
  2876 | D:4      | 2876 ||| SHOPLISTING ring of poison resistance (220 gold,
                  | have 165).
  2876 | D:4      | 2876 ||| BUYING ring of see invisible (165 gold).
  2876 | D:4      | Bought a ring of see invisible for 165 gold pieces
  2876 | D:4      | 2876 ||| SHOPLISTING ring of willpower (275 gold, have 0).
  2935 | D:4      | Found an opulent altar of Gozag.
  2940 | D:4      | Identified the +9 spear of World's End {pain, rF+++ Int-2
                  | Dex-2 SInv}
  2984 | D:4      | Found a bloodstained altar of Trog.
  3042 | D:4      | Gained mutation: Your magical nature lets you fly swiftly
                  | and evasively. [Tengu growth]
  3042 | D:4      | Reached XP level 5. HP: 9/30 MP: 9/9
  3043 | D:4      | HP: 7/30 [gnoll/+0 club (2)]
  3044 | D:4      | 3044 ||| READING scroll of teleportation.
  3060 | D:4      | 3060 ||| FLEEEEING.
  3061 | D:4      | 3061 ||| FLEEEEING.
  3062 | D:4      | 3062 ||| FLEEEEING.
  3064 | D:4      | 3064 ||| FLEEEEING.
  3065 | D:4      | 3065 ||| FLEEEEING.
  3069 | D:4      | 3069 ||| STAIRDANCE
  3270 | D:3      | 3270 ||| UPGRADING to ring of see invisible.
  3271 | D:3      | 3271 ||| READING scroll labelled FUILUGOO GIEBA.
  3274 | D:4      | 3274 ||| STAIRDANCE
  3542 | D:4      | Noticed a phantom
  3557 | D:4      | Killed a phantom
  3558 | D:4      | Reached skill level 6 in Axes
  3697 | D:4      | HP: 7/30 [orc/+0 trident (2)]
  3698 | D:4      | HP: 2/30 [orc wizard/magic dart (2)]
  3702 | D:4      | Reached XP level 6. HP: 1/35 MP: 10/10
  3702 | D:4      | Slain by an orc

Levels and vault maps discovered:
D:1:      dpeg_arrival_long_road, layout_basic, basic_ecumenical_altar
D:2:      kb_forest_paths, layout_basic
D:3:      layout_basic, serial_bayou_crossing, uniq_terence
D:4:      layout_cave_pools, lemuel_tele_altar,
          mainiacjoe_overflow_surrounded_room, nicolae_stop_n_shop_2

Skill      XL: |  1  2  3  4  5 |
---------------+----------------+-----
Axes           | 3 4 5 6 |  6.3
Armour         | 2 |  2.3
Fighting       | |  2.0
Throwing       | |  1.0
Dodging        | |  2.1
Spellcasting   | |  2.0
Translocations | |  2.4

Action                   |  1- 3 |  4- 6 || total
-------------------------+-------+-------++-------
Melee: Hand axe          |    70 |    91 ||   161
       Peck              |     9 |    11 ||    20
       Kick              |    15 |    22 ||    37
Throw: Boomerang         |    29 |    33 ||    62
  Use: Scroll            |     4 |     6 ||    10
       Potion            |       |     2 ||     2
Armor: Leather armour    |     9 |       ||     9
       Chain mail        |     8 |    45 ||    53
Dodge: Dodged            |    27 |    38 ||    65

Table legend:
 A = Non-vault XP
 B = Vault XP
 C = Vault XP percentage of total XP
 D = Non-vault monster count
 E = Vault monster count
 F = Vault count percentage of total count
                 A         B        C        D         E       F
            +---------+---------+-------+---------+---------+-------
      Total |     287 |      50 |  14.8 |      60 |       7 |  10.4
            +---------+---------+-------+---------+---------+-------
        D:1 |      45 |       0 |   0.0 |      27 |       0 |   0.0
        D:2 |      25 |      18 |  41.9 |      13 |       6 |  31.6
        D:3 |      54 |      32 |  37.2 |      13 |       1 |   7.1
        D:4 |     163 |       0 |   0.0 |       7 |       0 |   0.0
            +---------+---------+-------+---------+---------+-------
